 Dungeon Crawl Stone Soup version 0.24.0-1-gfbc8707 (webtiles) character file.

Game seed: 4447509566604844516, levelgen mode: deterministic

74704 Illumine the Cleaver (level 15, 0/136 HPs)
             Began as a Minotaur Fighter on Nov 16, 2019.
             Was the Champion of Makhleb.
             Slain by an alligator (14 damage)
             ... on level 2 of the Swamp.
             The game lasted 00:36:53 (16012 turns).

Illumine the Cleaver (Minotaur Fighter)            Turns: 16012, Time: 00:36:54

Health: 0/136      AC: 39    Str: 26    XL:     15   Next: 7%
Magic:  21/21      EV: 10    Int:  5    God:    Makhleb [******]
Gold:   1538       SH: 13    Dex: 11    Spells: 14/14 levels left

rFire    + . .     SeeInvis .   R - +0 broad axe
rCold    + + .     Gourm    .   c - +0 shield
rNeg     . . .     Faith    .   L - +9 scales of the Dragon King {rPois rF+ rC+ MR+}
rPois    +         Spirit   .   (helmet restricted)
rElec    .         Reflect  .   h - +2 cloak {rPois}
rCorr    .         Harm     .   e - +2 pair of gloves
MR       ++...                  l - +2 pair of boots {run}
Stlth    ..........             (no amulet)
HPRegen  0.32/turn              r - ring of protection from cold
MPRegen  0.17/turn              k - ring of stealth

@: quick
A: retaliatory headbutt, horns 2, blurry vision 1
a: Minor Destruction, Lesser Servant of Makhleb, Major Destruction, Greater
Servant of Makhleb, Renounce Religion


You were on level 2 of the Swamp.
You worshipped Makhleb.
Makhleb was exalted by your worship.
You were very hungry.

You visited 5 branches of the dungeon, and saw 21 of its levels.

You collected 2123 gold pieces.
You spent 585 gold pieces at shops.

Inventory:

Hand Weapons
 a - a +0 war axe
 d - a +3 scimitar of flaming
 N - a +4 battleaxe
 R - a +0 broad axe (weapon)
Armour
 c - a +0 shield (worn)
 e - a +2 pair of gloves (worn)
 h - a +2 cloak of poison resistance (worn)
 l - a +2 pair of boots of running (worn)
 L - the +9 scales of the Dragon King (worn) {rPois rF+ rC+ MR+}
   (You found it on level 6 of the Lair of Beasts)

   It protects you from fire.
   It protects you from cold.
   It protects you from poison.
   It affects your resistance to hostile enchantments.
Jewellery
 k - a ring of stealth (right hand)
 p - an uncursed ring of ice
 r - a ring of protection from cold (left hand)
 s - an uncursed ring of see invisible
 K - an uncursed amulet of magic regeneration
Wands
 b - a wand of flame (29)
 t - a wand of polymorph (11)
 x - a wand of paralysis (11)
 y - a wand of disintegration (22)
 E - a wand of scattershot (2)
 G - a wand of iceblast (7)
 H - a wand of enslavement (10)
Scrolls
 i - 10 scrolls of teleportation
 m - 9 scrolls of remove curse
 n - a scroll of fear {unknown}
 u - 2 scrolls of blinking {unknown}
 v - 3 scrolls of immolation
 z - a scroll of vulnerability
 B - 4 scrolls of enchant weapon
 C - 2 scrolls of amnesia {unknown}
 D - a scroll of fog
 F - 3 scrolls of silence
 I - 8 scrolls of magic mapping
 M - a scroll of enchant armour
Potions
 g - 3 potions of mutation
 j - 3 potions of brilliance
 o - a potion of flight
 A - 2 potions of resistance {unknown}
 J - a potion of curing
 P - 2 potions of magic
Comestibles
 f - 34 rations


   Skills:
 + Level 13.6 Fighting
 + Level 14.1 Axes
 + Level 13.5 Armour
 + Level 11.6 Dodging
 + Level 13.5 Shields
 + Level 10.4 Invocations


You had 14 spell levels left.
You didn't know any spells.
Your spell library contained the following spells:

 Spells                   Type           Power        Failure   Level  Hunger
 Corona                   Hex            #......      100%        1    ##.....
 Magic Dart               Conj           #...         100%        1    ##.....
 Blink                    Tloc           N/A          100%        2    ###....
 Call Imp                 Summ           #.......     100%        2    ###....
 Ensorcelled Hibernation  Hex/Ice        #.....       100%        2    ###....
 Searing Ray              Conj           #.....       100%        2    ###....
 Slow                     Hex            #.......     100%        2    ###....
 Sublimation of Blood     Necr           #.........   100%        2    ###....
 Confuse                  Hex            #.......     100%        3    ####...
 Conjure Flame            Conj/Fire      #.......     100%        3    ####...
 Dazzling Spray           Conj/Hex       #.....       100%        3    ####...
 Ignite Poison            Fire/Tmut/Pois #.......     100%        3    ####...
 Mephitic Cloud           Conj/Pois/Air  #.......     100%        3    ####...
 Tukima's Dance           Hex            #.......     100%        3    ####...
 Cause Fear               Hex            #.........   100%        4    #####..
 Force Lance              Conj/Tloc      #.......     100%        4    #####..
 Fulminant Prism          Conj/Hex       #.........   100%        4    #####..
 Iskenderun's Mystic Bla  Conj           #.......     100%        4    #####..
 Petrify                  Tmut/Erth      #.......     100%        4    #####..
 Alistair's Intoxication  Tmut/Pois      #.......     100%        5    ######.
 Irradiate                Conj/Tmut      #.........   100%        5    ######.
 Silence                  Hex/Air        #.........   100%        5    ######.
 Yara's Violent Unravell  Hex/Tmut       #.........   100%        5    ######.
 Deflect Missiles         Chrm/Air       #.........   100%        6    #######
 Discord                  Hex            #.........   100%        8    #######


Dungeon Overview and Level Annotations

Branches:
Dungeon (11/15)            Temple (1/1) D:6            Lair (6/6) D:11
  Swamp (2/4) Lair:4       Spider (0/4) Lair:4        Slime (0/5) Lair:6
    Orc (2/2) D:9             Elf (0/3) Orc:2

Altars:
Ashenzari
Cheibriados
Dithmenos
Elyvilon
Fedhas
Gozag
Hepliaklqana
Kikubaaqudgha
Makhleb
Nemelex Xobeh
Okawaru
Qazlal
Ru
Trog
Uskayaw
Vehumet
Wu Jian
Xom
Yredelemnul
Zin
The Shining One
Jiyva

Shops:
D:7 *   Orc:2 =*[(

Annotations:
D:6 3 runed translucent doors, Caerwyn's ghost, novice OpFi
D:7 1 runed translucent door


Innate Abilities, Weirdness & Mutations

You reflexively headbutt those who attack you in melee.
You have a pair of horns on your head.
Scrolls take you a little longer to read.


Message History

* * * LOW HITPOINT WARNING * * *
You feel yourself slow down.
The spriggan hits you but does no damage.
Unknown command.
Okay, then.
Okay, then.
Are you sure you want to stumble around while confused and next to your blizzard demon?
Okay, then.
Evoke which item? (* to show all) (? for menu, Esc to quit)
You're too confused!
Are you sure you want to stumble around while confused and next to your blizzard demon?
Okay, then.
You feel less invigorated.
You feel yourself speed up.
You feel less confused. The hornet barely misses you.
The hornet stings your blizzard demon!
Your blizzard demon seems to slow down.
Your blizzard demon hits the hornet.
Your blizzard demon barely misses the hornet.
The alligator bites you!
You die...

..≈.≈≈.≈.≈≈≈.≈
...≈♣.≈.≈≈.≈..≈ ♣≈
########..≈≈...≈≈§≈≈≈♣♣≈≈≈≈♣≈
#...#..#..≈....≈.≈≈♣≈...≈♣≈.≈
#......#.†≈.♣♣≈≈≈.≈≈≈≈≈≈≈≈..≈
###.#.÷#..†≈♣♣..≈≈≈≈≈.≈.≈≈§≈.
#..#...#.).††i≈≈≈♣..≈§≈.≈.≈..
#......'...♣2v§.≈≈.≈≈≈≈≈♣.≈.≈
#..#...#..yy@tn.....≈≈≈....≈≈
########..♣vy♣♣.≈≈≈.....≈♣≈≈.
.........♣...♣♣>....♣.♣.≈≈≈..
........♣..≈≈♣♣♣....≈.♣...§†.
≈≈♣♣≈..♣..≈.♣♣ ♣......≈≈≈..†.
♣..≈≈.≈≈≈♣ ♣♣.....≈≈≈..##
♣♣...≈≈≈.♣ ♣≈....≈♣≈..##
♣♣.....≈♣ ♣≈≈≈≈.≈≈♣≈...
....≈≈≈♣ ♣♣.≈≈.≈≈≈≈...


You could see an alligator, a bog body, 3 hornets, a spriggan, 2 insubstantial
wisps and a friendly blizzard demon.

Vanquished Creatures
  2 orc warlords (Orc:2)
  A stone giant (Orc:2)
  A fire dragon (Lair:2)
  7 hydras
  Harold (D:9)
  A merfolk avatar (Lair:6)
  Erica (D:8)
  A death knight (D:11)
  A shambling mangrove (Swamp:2)
  2 two-headed ogres
  A ghost crab (Swamp:1)
  5 alligators
  2 orc high priests (Orc:2)
  Sonja (D:11)
  A skeletal warrior (D:11)
  2 sea snakes (Lair:6)
  2 swamp dragons (Swamp:2)
  3 orc knights (Orc:2)
  A harpy (Lair:6)
  3 orc sorcerers
  9 deep elf magi (Orc:2)
  A cyclops (D:11)
  A manticore (Lair:6)
  3 black mambas
  Maurice (D:9)
  7 elephants
  2 torpor snails
  8 spiny frogs
  7 komodo dragons
  3 rime drakes
  A freezing wraith (D:11)
  2 polar bears (Lair:6)
  6 trolls
  2 wind drakes (Lair:6)
  7 hornets
  22 blink frogs
  9 hippogriffs
  2 bog bodies (Swamp:2)
  A spriggan (Swamp:2)
  A redback (Lair:4)
  A basilisk (Lair:5)
  2 wraiths (D:11)
  4 wyverns
  47 yaks
  Grum (D:10)
  6 wargs
  2 swamp worms (Swamp:2)
  Duvessa (D:6)
  19 water moccasins
  30 orc warriors
  4 swamp drakes (Swamp:2)
  A black bear (D:9)
  4 porcupines
  6 sky beasts
  An ice beast (D:8)
  A necrophage (D:8)
  A hornet zombie (D:8)
  4 phantoms
  9 centaurs
  12 ogres
  11 wolves
  5 crocodiles
  3 big kobolds
  5 gnoll sergeants
  16 bullfrogs
  A wyvern skeleton (D:6)
  A scorpion (D:6)
  Dowan (D:6)
  3 killer bees (D:9)
  12 wights
  An electric eel (Lair:4)
  4 howler monkeys
  A bullfrog zombie (D:7)
  7 crimson imps
  2 quasits
  2 jellies
  5 hounds
  31 orc priests
  26 orc wizards
  A bullfrog skeleton (D:6)
  An iguana (D:6)
  6 hell rats
  7 worker ants
  A hound zombie (D:7)
  11 gnolls
  3 adders
  2 shadow imps (D:6)
  An adder skeleton (D:5)
  4 worms
  A dart slug (D:2)
  5 leopard geckos
  87 orcs
  8 giant cockroaches
  8 hobgoblins
  11 jackals
  17 kobolds
  4 quokkas
  6 bats
  2 frilled lizards (D:2)
  9 goblins
  A jackal skeleton (D:8)
  A leopard gecko skeleton (D:5)
  A leopard gecko zombie (D:5)
  A quokka zombie (D:7)
  3 rats
  2 fungi
  3 plants
634 creatures vanquished.

Vanquished Creatures (collateral kills)
  An alligator (Swamp:2)
  An orc high priest (Orc:2)
  A spriggan (Swamp:2)
  2 orc knights (Orc:2)
  2 orc sorcerers (Orc:2)
  A spiny frog (Swamp:2)
  A hornet (Swamp:2)
  A shadow (Swamp:2)
  2 insubstantial wisps (Swamp:2)
  A swamp worm (Swamp:2)
  A swamp drake (Swamp:2)
  4 orc warriors (Orc:2)
  2 orc priests (Orc:2)
  An orc wizard (Orc:2)
  4 orcs (Orc:2)
25 creatures vanquished.

Vanquished Creatures (others)
  A hydra (Swamp:1)
  A shambling mangrove (Swamp:2)
  An alligator (Swamp:1)
  A swamp worm (Swamp:2)
  A swamp drake (Swamp:2)
  An orc wizard (Orc:2)
  2 orcs
  9 fungi
  9 plants (Lair:6)
26 creatures vanquished.

Grand Total: 685 creatures vanquished

Notes
Turn   | Place    | Note
-------+----------+-------------------------------------------
     0 | D:1      | Illumine the Minotaur Fighter began the quest for the Orb.
     0 | D:1      | Reached XP level 1. HP: 19/19 MP: 0/0
    51 | D:1      | Reached XP level 2. HP: 21/27 MP: 1/1
    82 | D:1      | Reached skill level 3 in Axes
   470 | D:1      | Reached XP level 3. HP: 33/33 MP: 2/2
   567 | D:2      | Identified a +2 pair of boots of running (You found it on
                  | level 2 of the Dungeon)
   896 | D:2      | Reached XP level 4. HP: 38/40 MP: 3/3
  1270 | D:2      | Reached skill level 4 in Axes
  1344 | D:3      | Reached XP level 5. HP: 34/47 MP: 4/4
  1662 | D:3      | You fall into a shaft and drop 2 floors!
  1662 | D:5      | Entered Level 5 of the Dungeon
  1663 | D:5      | Noticed a centaur
  1670 | D:5      | Killed a centaur
  1670 | D:5      | Reached skill level 5 in Axes
  1705 | D:5      | Reached XP level 6. HP: 52/55 MP: 5/5
  1761 | D:5      | Noticed a sky beast
  1773 | D:5      | Killed a sky beast
  1773 | D:5      | Reached skill level 5 in Fighting
  1773 | D:5      | Reached skill level 5 in Armour
  1773 | D:5      | Reached skill level 5 in Shields
  1949 | D:5      | Reached skill level 6 in Axes
  1971 | D:5      | Reached XP level 7. HP: 53/61 MP: 6/6
  2234 | D:5      | Reached skill level 1 in Dodging
  2333 | D:5      | Found a basalt altar of Yredelemnul.
  2424 | D:5      | Reached skill level 7 in Axes
  2674 | D:5      | Reached XP level 8. HP: 60/70 MP: 7/7
  2731 | D:6      | Found a staircase to the Ecumenical Temple.
  2755 | Temple   | Entered the Ecumenical Temple
  2767 | Temple   | Became a worshipper of Makhleb the Destroyer
  2828 | D:6      | Noticed Duvessa
  2829 | D:6      | Noticed Dowan
  2840 | D:6      | Killed Dowan
  2841 | D:6      | Reached skill level 1 in Invocations
  2844 | D:6      | Killed Duvessa
  2844 | D:6      | Reached skill level 8 in Axes
  2931 | D:6      | Found a stormy altar of Qazlal.
  3027 | D:6      | Found a radiant altar of Vehumet.
  3027 | D:6      | Found a blossoming altar of Fedhas.
  3027 | D:6      | Found an iron altar of Okawaru.
  3029 | D:6      | Found an ancient bone altar of Kikubaaqudgha.
  3199 | D:6      | Found a runed translucent gate.
  3206 | D:6      | Reached * piety under Makhleb
  3226 | D:6      | Found a runed translucent gate.
  3227 | D:6      | Found a runed translucent gate.
  3231 | D:6      | Noticed Caerwyn's ghost (novice OpFi)
  3418 | D:7      | Reached XP level 9. HP: 79/79 MP: 9/9
  3440 | D:7      | HP: 1/79 [sky beast (6)]
  3852 | D:7      | Found Padabe Haybo's Assorted Antiques.
  4056 | D:7      | Reached skill level 9 in Axes
  4160 | D:7      | Reached ** piety under Makhleb
  4174 | D:7      | Reached skill level 5 in Dodging
  4203 | D:7      | Paralysed by a centaur for 2 turns
  4209 | D:7      | Paralysed by a centaur for 4 turns
  4257 | D:7      | Reached XP level 10. HP: 59/88 MP: 12/12
  4304 | D:7      | Found a runed translucent door.
  4306 | D:7      | Noticed a two-headed ogre
  4405 | D:8      | Noticed Erica
  4995 | D:9      | Noticed Psyche
  4997 | D:9      | Noticed Psyche
  4997 | D:9      | Psyche changed into Psyche the black bear
  5014 | D:9      | Killed Psyche the black bear
  5265 | D:9      | Noticed Maurice
  5326 | D:9      | Killed Maurice
  5883 | D:9      | Noticed Harold
  5947 | D:8      | Reached *** piety under Makhleb
  6107 | D:8      | Reached skill level 5 in Invocations
  6157 | D:8      | Killed Erica
  6157 | D:8      | Reached skill level 10 in Axes
  6956 | D:9      | Killed Harold
  7024 | D:9      | Found a staircase to the Orcish Mines.
  7101 | D:10     | Entered Level 10 of the Dungeon
  7130 | D:10     | Reached XP level 11. HP: 97/97 MP: 14/14
  7358 | D:10     | Noticed Grum
  7365 | D:10     | Killed Grum
  7608 | D:11     | Found a staircase to the Lair.
  7659 | Lair:1   | Entered Level 1 of the Lair of Beasts
  8021 | Lair:1   | Reached **** piety under Makhleb
  8051 | Lair:1   | Reached skill level 10 in Fighting
  8081 | Lair:1   | Reached skill level 10 in Armour
  8083 | Lair:1   | Reached skill level 10 in Shields
  8681 | Lair:1   | Reached skill level 11 in Axes
  9102 | Lair:2   | Reached XP level 12. HP: 107/107 MP: 16/16
  9338 | Lair:2   | Noticed a fire dragon
  9367 | Lair:2   | Killed a fire dragon
  9614 | Lair:3   | Noticed an eight-headed hydra
  9623 | Lair:2   | Reached ***** piety under Makhleb
  9842 | Lair:3   | Killed a five-headed hydra
 10326 | Lair:4   | Found a staircase to the Swamp.
 10539 | Lair:4   | Reached skill level 12 in Axes
 10728 | Lair:4   | Found a hole to the Spider Nest.
 10995 | Lair:5   | Noticed an eight-headed hydra
 11011 | Lair:5   | Killed a three-headed hydra
 11015 | Lair:5   | Reached XP level 13. HP: 70/116 MP: 18/18
 11336 | Lair:6   | Entered Level 6 of the Lair of Beasts
 11883 | Lair:6   | Found a staircase to the Slime Pits.
 11883 | Lair:6   | Found a viscous altar of Jiyva.
 11942 | Lair:6   | Found the +9 scales of the Dragon King {rPois rF+ rC+ MR+}
 12260 | Lair:6   | Reached skill level 10 in Dodging
 12982 | D:11     | Reached ****** piety under Makhleb
 13048 | D:11     | Reached skill level 13 in Axes
 13175 | D:11     | Noticed Sonja
 13237 | D:11     | Killed Sonja
 13434 | D:9      | Reached XP level 14. HP: 127/127 MP: 20/20
 13523 | Orc:1    | Entered Level 1 of the Orcish Mines
 13742 | Orc:2    | Entered Level 2 of the Orcish Mines
 13853 | Orc:2    | Found a staircase to the Elven Halls.
 14130 | Orc:2    | Noticed an orc warlord
 14159 | Orc:2    | Killed an orc warlord
 14289 | Orc:2    | Noticed a stone giant
 14317 | Orc:2    | Killed a stone giant
 14344 | Orc:2    | Gained mutation: Scrolls take you a little longer to read.
                  | [a neqoxec]
 14869 | Orc:2    | Noticed an orc warlord
 14959 | Orc:2    | Reached skill level 10 in Invocations
 15028 | Orc:2    | Killed an orc warlord
 15074 | Orc:2    | Found Saev Qov's Antique Armour Boutique.
 15074 | Orc:2    | Found Cuicoh's Antique Weapon Boutique.
 15075 | Orc:2    | Found Mevvam's General Store.
 15075 | Orc:2    | Found Pill's Jewellery Shop.
 15080 | Orc:2    | Bought an uncursed ring of see invisible for 180 gold
                  | pieces
 15092 | Orc:2    | Bought a glowing battleaxe for 285 gold pieces
 15092 | Orc:2    | Bought a broad axe for 120 gold pieces
 15476 | Swamp:1  | Entered Level 1 of the Swamp
 15808 | Swamp:2  | Reached skill level 14 in Axes
 15914 | Swamp:2  | Reached XP level 15. HP: 87/136 MP: 21/21
 16009 | Swamp:2  | HP: 6/136 [alligator (7)]
 16012 | Swamp:2  | Slain by an alligator

Levels and vault maps discovered:
D:1:      psy_arrival_basics, layout_loops_cross, kennysheep_small_spiral
D:2:      layout_loops_corners
D:3:      layout_basic
D:5:      layout_cave_pods, nicolae_overflow_crystal_walls, first_ration
D:6:      layout_cave_pools, minitemple, minmay_temple_entry_wispy,
          gammafunk_ghost_split, kennysheep_small_circle, uniq_duvessa
D:7:      minmay_the_grid_triangle_9x9_rhombus_full
          [minmay_the_grid_triangle_9x9_checkered,
          minmay_the_grid_triangle_9x9_alien,
          minmay_the_grid_triangle_9x9_windchime,
          minmay_the_grid_triangle_9x9_warning,
          minmay_the_grid_triangle_9x9_empty,
          minmay_the_grid_triangle_9x9_fully_insulated_deathbox,
          minmay_the_grid_triangle_9x9_subtriangle,
          minmay_the_grid_triangle_9x9_prize_center], layout_rooms,
          serial_shops, nicolae_shop_waterfront
D:8:      layout_basic, uniq_erica
D:9:      layout_cave_pools, kennysheep_orc_monster_closet_entryway,
          blue_anna_alchemist [blue_anna_fruit_fields, blue_anna_fruit_fields],
          uniq_harold, uniq_psyche, uniq_maurice
D:10:     layout_loops_ring, uniq_grum
D:11:     layout_rooms, erik_lair_orcish_takeover, uniq_sonja
Temple:   nicolae_temple_x_marks_the_god
Lair:1:   layout_chaotic_city, st_stairs_4, eino_small_chamber_without_monster,
          lemuel_fruit_fields, grunt_megastairs_4
Lair:2:   dragon1_lemuel, layout_gridlike, uniq_gastronok
Lair:3:   layout_cave_shapes, grunt_megastairs_5
Lair:4:   layout_cave_pods, swamp_mist, spider_nest_entry_a,
          serial_bayou_lagoon_b
Lair:5:   layout_regular_city
Lair:6:   gammafunk_lair_ancient_temple, layout_regular_city, slime_altar_1
Swamp:1:  layout_basic_swamp, evilmike_swamp_ruin_rubble_1,
          nicolae_swamp_fairy_circle
Swamp:2:  layout_falls_marsh, serial_swamp_ruin, evilmike_swamp_ruin_rubble_2,
          evilmike_swamp_ruin_house_3, evilmike_swamp_ruin_house_1, swamp_pool1,
          uniq_roxanne
Orc:1:    layout_caves, nicolae_orc_tapped_out
Orc:2:    st_orc_congregation, layout_diamond_mine, elves_outpost_lemuel

Skill      XL: |  1  2  3  4  5  6  7  8  9 10 11 12 13 14 |
---------------+-------------------------------------------+-----
Axes           | 3 4 5 6 7 8 9 10 11 12 13 14 | 14.1
Fighting       | 4 5 6 7 8 9 10 11 12 13 | 13.6
Shields        | 4 5 6 8 9 10 11 12 13 | 13.5
Armour         | 4 5 6 8 9 10 11 12 13 | 13.5
Dodging        | 2 3 5 6 8 9 10 11 | 11.6
Invocations    | 2 4 5 6 8 9 10 | 10.4

Action                   |  1- 3 |  4- 6 |  7- 9 | 10-12 | 13-15 || total
-------------------------+-------+-------+-------+-------+-------++-------
Melee: War axe           |    97 |   122 |   280 |   678 |   915 ||  2092
       Headbutt          |    18 |    16 |    62 |   142 |   268 ||   506
       Scimitar          |       |       |       |    11 |    21 ||    32
       Broad axe         |       |       |       |       |   102 ||   102
Invok: Lesser Servant of |       |       |       |       |     6 ||     6
       Greater Servant o |       |       |       |       |     1 ||     1
Evoke: Wand              |       |       |       |     5 |     8 ||    13
  Use: Scroll            |       |       |     6 |    10 |    10 ||    26
       Potion            |       |       |     2 |     5 |    10 ||    17
 Stab: Confused          |       |       |       |       |     2 ||     2
  Eat: Chunk             |       |     2 |     4 |    19 |    13 ||    38
       Ration            |       |     1 |     1 |       |     1 ||     3
Armor: Scale mail        |    46 |    66 |   163 |    53 |       ||   328
       Chain mail        |       |       |       |   251 |       ||   251
       Fire dragon scale |       |       |       |   121 |    97 ||   218
       Gold dragon scale |       |       |       |       |   656 ||   656
       Skin              |       |       |       |       |    58 ||    58
Dodge: Dodged            |    25 |    36 |   103 |   392 |   397 ||   953
Block: Shield            |    54 |    60 |   187 |   521 |   854 ||  1676
       Rpst.: Scimitar   |       |       |       |     5 |     3 ||     8
